 Dungeon Crawl Stone Soup version 0.29.0-4-gdea44cf6ec (webtiles) character file.

Game seed: 3331098660559308560

401 qw the Chopper (level 6, 35/35 HPs)
             Began as a Tengu Warper on Aug 28, 2022.
             Quit the game on level 4 of the Dungeon.
             The game lasted 00:01:41 (5655 turns).

qw the Chopper (Tengu Warper)                       Turns: 5655, Time: 00:01:41

Health: 35/35      AC: 12    Str: 13    XL:     6   Next: 85%
Magic:  10/10      EV:  4    Int: 14    God:
Gold:   330        SH: 11    Dex: 13    Spells: 9/9 levels left

rFire   . . .      SeeInvis .   Y - +0 hand axe
rCold   . . .      Faith    .   j - +2 buckler
rNeg    . . .      Spirit   .   d - +0 plate armour
rPois   .          Reflect  +   (helmet restricted)
rElec   .          Harm     .   (no cloak)
rCorr   .          Rampage  .   g - +0 pair of gloves
Will    .....                   (boots unavailable)
Stlth   ..........              i - amulet of reflection
HPRegen 0.11/turn               (no ring)
MPRegen 0.12/turn               (no ring)

@: flying quickly and evasively, quick
A: beak, talons 3, nimble flight
a: no special abilities


You were on level 4 of the Dungeon.
You visited 1 branch of the dungeon, and saw 4 of its levels.

You collected 330 gold pieces.


Innate Abilities, Weirdness & Mutations

You have a beak for a mouth.
You have claws for feet.
Your magical nature lets you fly swiftly and evasively.


   Skills:
 + Level 2.0 Fighting
 - Level 7.0 Axes
 - Level 1.0 Throwing
 - Level 3.1 Armour
 - Level 2.1 Dodging
 - Level 1.0 Shields
 - Level 2.0 Spellcasting
 - Level 2.4 Translocations


You had 9 spell levels left.
You didn't know any spells.
Your spell library contained the following spells:

 Spells                   Type           Power      Damage    Failure   Level
 Blink                    Tloc           16%        N/A       100%        2
 Gell's Gravitas          Tloc           8%         N/A       100%        3
 Lesser Beckoning         Tloc           8%         N/A       100%        3
 Teleport Other           Tloc           8%         N/A       100%        3
 Manifold Assault         Tloc           8%         N/A       100%        5

Inventory:

Hand Weapons
 p - a +0 club
 Y - a +0 hand axe (weapon)
Missiles
 e - 4 boomerangs (quivered)
Armour
 d - a +0 plate armour (worn)
 g - a +0 pair of gloves (worn)
 j - a +2 buckler (worn)
Jewellery
 i - an amulet of reflection (around neck)
Scrolls
 c - a scroll of identify
Potions
 a - 2 potions of curing
 b - a potion of cancellation
 f - a potion of resistance
 h - 2 potions of heal wounds
 k - a potion of degeneration {unknown}
 l - a potion of might {unknown}
 n - a potion of haste {unknown}
 o - a potion of mutation {unknown}

Dungeon Overview and Level Annotations

Branches:
Dungeon (4/15)             Temple (0/1) D:4

Altars:
Vehumet
Zin
The Shining One


Message History

(D) Dungeon (T) Temple
Where to? (* - list waypoints, Enter - Temple, ? - help) Sorry, I don't know how to get there.
Done exploring.
5648 ||| Stepping randomly (stuck).
(D) Dungeon (T) Temple
Where to? (* - list waypoints, Enter - Temple, ? - help) Sorry, I don't know how to get there.
Done exploring.
5649 ||| Stepping randomly (stuck).
(D) Dungeon (T) Temple
Where to? (* - list waypoints, Enter - Temple, ? - help) Sorry, I don't know how to get there.
Done exploring.
5650 ||| Stepping randomly (stuck).
(D) Dungeon (T) Temple
Where to? (* - list waypoints, Enter - Temple, ? - help) Sorry, I don't know how to get there.
Done exploring.
5651 ||| Stepping randomly (stuck).
(D) Dungeon (T) Temple
Where to? (* - list waypoints, Enter - Temple, ? - help) Sorry, I don't know how to get there.
Done exploring.
5652 ||| Stepping randomly (stuck).
(D) Dungeon (T) Temple
Where to? (* - list waypoints, Enter - Temple, ? - help) Sorry, I don't know how to get there.
Done exploring.
5653 ||| Stepping randomly (stuck).
(D) Dungeon (T) Temple
Where to? (* - list waypoints, Enter - Temple, ? - help) Sorry, I don't know how to get there.
Done exploring.
5654 ||| Stepping randomly (stuck).
(D) Dungeon (T) Temple
Where to? (* - list waypoints, Enter - Temple, ? - help) Sorry, I don't know how to get there.
Done exploring.
Are you sure you want to abandon this character and quit the game? (Confirm with "yes".)

#.....#
####......##
####### .
#.......#
...#.......#
.>..#........
....#......##
.}.}.###...##
.....# #####
#####.}.}.#
#.@.#.....# #
#.#.#..>..# ##
#...#....?# #####.
##.##8...8# #.....
#.###########.####
#..##.####....#
##.##.##...####
#.......###
###..####


There were no monsters in sight!

Vanquished Creatures
  A necrophage (D:4)
  A scorpion (D:4)
  2 iguanas (D:4)
  2 orc wizards (D:3)
  3 adders
  3 worms (D:3)
  4 dart slugs
  4 orcs
  10 ball pythons
  9 endoplasms
  3 giant cockroaches
  9 goblins
  11 hobgoblins
  27 jackals
  9 kobolds
  5 quokkas
  3 bats
  3 frilled lizards
  6 rats
115 creatures vanquished.

Vanquished Creatures (others)
  A fungus (D:3)
  A plant (D:3)
2 creatures vanquished.

Grand Total: 117 creatures vanquished

Notes
Turn   | Place    | Note
-------+----------+-------------------------------------------
     0 | D:1      | qw the Tengu Warper began the quest for the Orb.
     0 | D:1      | Reached XP level 1. HP: 12/12 MP: 4/4
     0 | D:1      | 0 ||| qw: Version: 0.1-a-89-g26bdef1
     0 | D:1      | 0 ||| qw: Game counter: 2030
     0 | D:1      | 0 ||| qw: Always use a shield: true
     0 | D:1      | 0 ||| qw: God list: Okawaru
     0 | D:1      | 0 ||| qw: Allow faded altars: false
     0 | D:1      | 0 ||| qw: Do Orc after D:15 true
     0 | D:1      | 0 ||| qw: Do second Lair branch before Depths: true
     0 | D:1      | 0 ||| qw: Lair rune preference: random
     0 | D:1      | 0 ||| qw: Plans: Normal
     0 | D:1      | 0 ||| PLANNING D:1-11
    14 | D:1      | 14 ||| Stepping ~*~*~tactically~*~*~ (stealth).
    15 | D:1      | 15 ||| Stepping ~*~*~tactically~*~*~ (stealth).
    17 | D:1      | 17 ||| Stepping ~*~*~tactically~*~*~ (stealth).
   110 | D:1      | Reached skill level 3 in Axes
   110 | D:1      | Reached XP level 2. HP: 14/17 MP: 6/6
   478 | D:1      | Reached XP level 3. HP: 21/21 MP: 7/7
   696 | D:1      | Reached skill level 4 in Axes
  1030 | D:1      | 1030 ||| UPGRADING to +0 plate armour.
  1040 | D:1      | 1040 ||| DROPPING +0 leather armour.
  1041 | D:1      | 1041 ||| UPGRADING to +0 pair of gloves.
  1046 | D:1      | 1046 ||| UPGRADING to +2 buckler.
  1051 | D:1      | 1051 ||| READING 2 scrolls labelled VORASAO OQIA.
  1052 | D:1      | 1052 ||| READING scroll labelled ROIRUTT HIFRY.
  1053 | D:1      | 1053 ||| DRINKING 2 cyan potions.
  1054 | D:1      | 1054 ||| DRINKING 2 ruby potions.
  1088 | D:1      | 1088 ||| DROPPING scroll of vulnerability.
  1089 | D:1      | 1089 ||| DROPPING scroll of blinking.
  1090 | D:1      | 1090 ||| DROPPING potion of lignification.
  1123 | D:2      | 1123 ||| Stepping ~*~*~tactically~*~*~ (stealth).
  1174 | D:2      | Reached skill level 1 in Shields
  1349 | D:2      | Reached XP level 4. HP: 18/26 MP: 8/8
  1466 | D:2      | 1466 ||| Stepping ~*~*~tactically~*~*~ (stealth).
  1469 | D:2      | 1469 ||| Stepping ~*~*~tactically~*~*~ (stealth).
  1586 | D:2      | 1586 ||| Stepping ~*~*~tactically~*~*~ (stealth).
  1591 | D:2      | 1591 ||| Stepping ~*~*~tactically~*~*~ (hiding).
  1781 | D:2      | 1781 ||| Stepping ~*~*~tactically~*~*~ (stealth).
  2010 | D:2      | 2010 ||| Stepping ~*~*~tactically~*~*~ (hiding).
  2398 | D:2      | 2398 ||| READING scroll labelled METREI OPLEZE.
  2403 | D:2      | 2403 ||| READING 2 scrolls labelled NAUROL UPTOAKU.
  2404 | D:2      | 2404 ||| DRINKING 2 black potions.
  2405 | D:2      | 2405 ||| DRINKING 4 white potions.
  2705 | D:3      | Found a faded altar of an unknown god.
  2771 | D:3      | 2771 ||| Stepping ~*~*~tactically~*~*~ (stealth).
  2924 | D:3      | Found a glowing golden altar of the Shining One.
  2961 | D:3      | Gained mutation: Your magical nature lets you fly swiftly
                  | and evasively. [Tengu growth]
  2961 | D:3      | Reached XP level 5. HP: 30/30 MP: 9/9
  2965 | D:3      | Reached skill level 5 in Axes
  3018 | D:3      | 3018 ||| Stepping ~*~*~tactically~*~*~ (stealth).
  3019 | D:3      | 3019 ||| Stepping ~*~*~tactically~*~*~ (stealth).
  3074 | D:3      | Found a glowing silver altar of Zin.
  3076 | D:3      | Found a radiant altar of Vehumet.
  3135 | D:3      | 3135 ||| Stepping ~*~*~tactically~*~*~ (hiding).
  3136 | D:3      | 3136 ||| Stepping ~*~*~tactically~*~*~ (hiding).
  3141 | D:3      | 3141 ||| DRINKING 3 potions of curing.
  3141 | D:3      | 3141 ||| (to cure confusion)
  3145 | D:3      | 3145 ||| DRINKING 2 potions of curing.
  3145 | D:3      | 3145 ||| (to cure confusion)
  3149 | D:3      | 3149 ||| DRINKING potion of curing.
  3149 | D:3      | 3149 ||| (to cure confusion)
  3169 | D:3      | 3169 ||| FLEEEEING.
  3170 | D:3      | 3170 ||| FLEEEEING.
  3171 | D:3      | 3171 ||| FLEEEEING.
  3174 | D:3      | 3174 ||| FLEEEEING.
  3175 | D:3      | 3175 ||| FLEEEEING.
  3176 | D:3      | 3176 ||| FLEEEEING.
  3180 | D:3      | 3180 ||| FLEEEEING.
  3181 | D:3      | 3181 ||| FLEEEEING.
  3185 | D:3      | 3185 ||| FLEEEEING.
  3189 | D:3      | 3189 ||| FLEEEEING.
  3194 | D:3      | 3194 ||| FLEEEEING.
  3195 | D:3      | 3195 ||| FLEEEEING.
  3196 | D:3      | 3196 ||| FLEEEEING.
  3197 | D:3      | 3197 ||| FLEEEEING.
  3203 | D:3      | 3203 ||| FLEEEEING.
  3204 | D:3      | 3204 ||| FLEEEEING.
  3205 | D:3      | 3205 ||| FLEEEEING.
  3206 | D:3      | 3206 ||| FLEEEEING.
  3209 | D:3      | 3209 ||| STAIRDANCE
  3370 | D:2      | 3370 ||| READING 2 scrolls of identify.
  3370 | D:2      | 3370 ||| IDENTIFYING smoky purple potion
  3371 | D:2      | 3371 ||| DROPPING potion of flight.
  3474 | D:3      | 3474 ||| Stepping ~*~*~tactically~*~*~ (stealth).
  3476 | D:3      | 3476 ||| Stepping ~*~*~tactically~*~*~ (stealth).
  3488 | D:3      | 3488 ||| FLEEEEING.
  3489 | D:3      | 3489 ||| FLEEEEING.
  3490 | D:3      | 3490 ||| FLEEEEING.
  3492 | D:3      | 3492 ||| FLEEEEING.
  3499 | D:3      | 3499 ||| FLEEEEING.
  3500 | D:3      | 3500 ||| FLEEEEING.
  3505 | D:3      | 3505 ||| FLEEEEING.
  3780 | D:3      | 3780 ||| Stepping ~*~*~tactically~*~*~ (stealth).
  3797 | D:3      | 3797 ||| READING scroll labelled TATSIMMANNI.
  3798 | D:3      | 3798 ||| DRINKING 3 emerald potions.
  3799 | D:3      | 3799 ||| DROPPING 2 potions of brilliance.
  3891 | D:4      | Reached skill level 6 in Axes
  3891 | D:4      | Reached XP level 6. HP: 28/35 MP: 10/10
  4017 | D:4      | HP: 7/35 [iguana (7)]
  4018 | D:4      | 4018 ||| DRINKING 2 potions of heal wounds.
  4108 | D:4      | Found a staircase to the Ecumenical Temple.
  4109 | D:4      | 4109 ||| PLANNING TEMPLE
  4228 | D:4      | 4228 ||| Stepping ~*~*~tactically~*~*~ (hiding).
  4263 | D:4      | Reached skill level 3 in Armour
  4589 | D:4      | 4589 ||| UPGRADING to amulet of reflection.
  4594 | D:4      | 4594 ||| READING 2 scrolls of identify.
  4594 | D:4      | 4594 ||| IDENTIFYING smoky white potion
  4618 | D:4      | Reached skill level 7 in Axes
  4655 | D:4      | 4655 ||| Stepping randomly (stuck).
  4656 | D:4      | 4656 ||| Stepping randomly (stuck).
  4657 | D:4      | 4657 ||| Stepping randomly (stuck).
  4658 | D:4      | 4658 ||| Stepping randomly (stuck).
  4659 | D:4      | 4659 ||| Stepping randomly (stuck).
  4660 | D:4      | 4660 ||| Stepping randomly (stuck).
  4661 | D:4      | 4661 ||| Stepping randomly (stuck).
  4662 | D:4      | 4662 ||| Stepping randomly (stuck).
  4663 | D:4      | 4663 ||| Stepping randomly (stuck).
  4664 | D:4      | 4664 ||| Stepping randomly (stuck).
  4665 | D:4      | 4665 ||| Stepping randomly (stuck).
  4666 | D:4      | 4666 ||| Stepping randomly (stuck).
  4667 | D:4      | 4667 ||| Stepping randomly (stuck).
  4668 | D:4      | 4668 ||| Stepping randomly (stuck).
  4669 | D:4      | 4669 ||| Stepping randomly (stuck).
  4670 | D:4      | 4670 ||| Stepping randomly (stuck).
  4671 | D:4      | 4671 ||| Stepping randomly (stuck).
  4672 | D:4      | 4672 ||| Stepping randomly (stuck).
  4673 | D:4      | 4673 ||| Stepping randomly (stuck).
  4674 | D:4      | 4674 ||| Stepping randomly (stuck).
  4675 | D:4      | 4675 ||| Stepping randomly (stuck).
  4676 | D:4      | 4676 ||| Stepping randomly (stuck).
  4677 | D:4      | 4677 ||| Stepping randomly (stuck).
  4678 | D:4      | 4678 ||| Stepping randomly (stuck).
  4679 | D:4      | 4679 ||| Stepping randomly (stuck).
  4680 | D:4      | 4680 ||| Stepping randomly (stuck).
  4681 | D:4      | 4681 ||| Stepping randomly (stuck).
  4682 | D:4      | 4682 ||| Stepping randomly (stuck).
  4683 | D:4      | 4683 ||| Stepping randomly (stuck).
  4684 | D:4      | 4684 ||| Stepping randomly (stuck).
  4685 | D:4      | 4685 ||| Stepping randomly (stuck).
  4686 | D:4      | 4686 ||| Stepping randomly (stuck).
  4687 | D:4      | 4687 ||| Stepping randomly (stuck).
  4688 | D:4      | 4688 ||| Stepping randomly (stuck).
  4689 | D:4      | 4689 ||| Stepping randomly (stuck).
  4690 | D:4      | 4690 ||| Stepping randomly (stuck).
  4691 | D:4      | 4691 ||| Stepping randomly (stuck).
  4692 | D:4      | 4692 ||| Stepping randomly (stuck).
  4693 | D:4      | 4693 ||| Stepping randomly (stuck).
  4694 | D:4      | 4694 ||| Stepping randomly (stuck).
  4695 | D:4      | 4695 ||| Stepping randomly (stuck).
  4696 | D:4      | 4696 ||| Stepping randomly (stuck).
  4697 | D:4      | 4697 ||| Stepping randomly (stuck).
  4698 | D:4      | 4698 ||| Stepping randomly (stuck).
  4699 | D:4      | 4699 ||| Stepping randomly (stuck).
  4700 | D:4      | 4700 ||| Stepping randomly (stuck).
  4701 | D:4      | 4701 ||| Stepping randomly (stuck).
  4702 | D:4      | 4702 ||| Stepping randomly (stuck).
  4703 | D:4      | 4703 ||| Stepping randomly (stuck).
  4704 | D:4      | 4704 ||| Stepping randomly (stuck).
  4705 | D:4      | 4705 ||| Stepping randomly (stuck).
  4706 | D:4      | 4706 ||| Stepping randomly (stuck).
  4707 | D:4      | 4707 ||| Stepping randomly (stuck).
  4708 | D:4      | 4708 ||| Stepping randomly (stuck).
  4709 | D:4      | 4709 ||| Stepping randomly (stuck).
  4710 | D:4      | 4710 ||| Stepping randomly (stuck).
  4711 | D:4      | 4711 ||| Stepping randomly (stuck).
  4712 | D:4      | 4712 ||| Stepping randomly (stuck).
  4713 | D:4      | 4713 ||| Stepping randomly (stuck).
  4714 | D:4      | 4714 ||| Stepping randomly (stuck).
  4715 | D:4      | 4715 ||| Stepping randomly (stuck).
  4716 | D:4      | 4716 ||| Stepping randomly (stuck).
  4717 | D:4      | 4717 ||| Stepping randomly (stuck).
  4718 | D:4      | 4718 ||| Stepping randomly (stuck).
  4719 | D:4      | 4719 ||| Stepping randomly (stuck).
  4720 | D:4      | 4720 ||| Stepping randomly (stuck).
  4721 | D:4      | 4721 ||| Stepping randomly (stuck).
  4722 | D:4      | 4722 ||| Stepping randomly (stuck).
  4723 | D:4      | 4723 ||| Stepping randomly (stuck).
  4724 | D:4      | 4724 ||| Stepping randomly (stuck).
  4725 | D:4      | 4725 ||| Stepping randomly (stuck).
  4726 | D:4      | 4726 ||| Stepping randomly (stuck).
  4727 | D:4      | 4727 ||| Stepping randomly (stuck).
  4728 | D:4      | 4728 ||| Stepping randomly (stuck).
  4729 | D:4      | 4729 ||| Stepping randomly (stuck).
  4730 | D:4      | 4730 ||| Stepping randomly (stuck).
  4731 | D:4      | 4731 ||| Stepping randomly (stuck).
  4732 | D:4      | 4732 ||| Stepping randomly (stuck).
  4733 | D:4      | 4733 ||| Stepping randomly (stuck).
  4734 | D:4      | 4734 ||| Stepping randomly (stuck).
  4735 | D:4      | 4735 ||| Stepping randomly (stuck).
  4736 | D:4      | 4736 ||| Stepping randomly (stuck).
  4737 | D:4      | 4737 ||| Stepping randomly (stuck).
  4738 | D:4      | 4738 ||| Stepping randomly (stuck).
  4739 | D:4      | 4739 ||| Stepping randomly (stuck).
  4740 | D:4      | 4740 ||| Stepping randomly (stuck).
  4741 | D:4      | 4741 ||| Stepping randomly (stuck).
  4742 | D:4      | 4742 ||| Stepping randomly (stuck).
  4743 | D:4      | 4743 ||| Stepping randomly (stuck).
  4744 | D:4      | 4744 ||| Stepping randomly (stuck).
  4745 | D:4      | 4745 ||| Stepping randomly (stuck).
  4746 | D:4      | 4746 ||| Stepping randomly (stuck).
  4747 | D:4      | 4747 ||| Stepping randomly (stuck).
  4748 | D:4      | 4748 ||| Stepping randomly (stuck).
  4749 | D:4      | 4749 ||| Stepping randomly (stuck).
  4750 | D:4      | 4750 ||| Stepping randomly (stuck).
  4751 | D:4      | 4751 ||| Stepping randomly (stuck).
  4752 | D:4      | 4752 ||| Stepping randomly (stuck).
  4753 | D:4      | 4753 ||| Stepping randomly (stuck).
  4754 | D:4      | 4754 ||| Stepping randomly (stuck).
  4755 | D:4      | 4755 ||| Stepping randomly (stuck).
  4756 | D:4      | 4756 ||| Stepping randomly (stuck).
  4757 | D:4      | 4757 ||| Stepping randomly (stuck).
  4758 | D:4      | 4758 ||| Stepping randomly (stuck).
  4759 | D:4      | 4759 ||| Stepping randomly (stuck).
  4760 | D:4      | 4760 ||| Stepping randomly (stuck).
  4761 | D:4      | 4761 ||| Stepping randomly (stuck).
  4762 | D:4      | 4762 ||| Stepping randomly (stuck).
  4763 | D:4      | 4763 ||| Stepping randomly (stuck).
  4764 | D:4      | 4764 ||| Stepping randomly (stuck).
  4765 | D:4      | 4765 ||| Stepping randomly (stuck).
  4766 | D:4      | 4766 ||| Stepping randomly (stuck).
  4767 | D:4      | 4767 ||| Stepping randomly (stuck).
  4768 | D:4      | 4768 ||| Stepping randomly (stuck).
  4769 | D:4      | 4769 ||| Stepping randomly (stuck).
  4770 | D:4      | 4770 ||| Stepping randomly (stuck).
  4771 | D:4      | 4771 ||| Stepping randomly (stuck).
  4772 | D:4      | 4772 ||| Stepping randomly (stuck).
  4773 | D:4      | 4773 ||| Stepping randomly (stuck).
  4774 | D:4      | 4774 ||| Stepping randomly (stuck).
  4775 | D:4      | 4775 ||| Stepping randomly (stuck).
  4776 | D:4      | 4776 ||| Stepping randomly (stuck).
  4777 | D:4      | 4777 ||| Stepping randomly (stuck).
  4778 | D:4      | 4778 ||| Stepping randomly (stuck).
  4779 | D:4      | 4779 ||| Stepping randomly (stuck).
  4780 | D:4      | 4780 ||| Stepping randomly (stuck).
  4781 | D:4      | 4781 ||| Stepping randomly (stuck).
  4782 | D:4      | 4782 ||| Stepping randomly (stuck).
  4783 | D:4      | 4783 ||| Stepping randomly (stuck).
  4784 | D:4      | 4784 ||| Stepping randomly (stuck).
  4785 | D:4      | 4785 ||| Stepping randomly (stuck).
  4786 | D:4      | 4786 ||| Stepping randomly (stuck).
  4787 | D:4      | 4787 ||| Stepping randomly (stuck).
  4788 | D:4      | 4788 ||| Stepping randomly (stuck).
  4789 | D:4      | 4789 ||| Stepping randomly (stuck).
  4790 | D:4      | 4790 ||| Stepping randomly (stuck).
  4791 | D:4      | 4791 ||| Stepping randomly (stuck).
  4792 | D:4      | 4792 ||| Stepping randomly (stuck).
  4793 | D:4      | 4793 ||| Stepping randomly (stuck).
  4794 | D:4      | 4794 ||| Stepping randomly (stuck).
  4795 | D:4      | 4795 ||| Stepping randomly (stuck).
  4796 | D:4      | 4796 ||| Stepping randomly (stuck).
  4797 | D:4      | 4797 ||| Stepping randomly (stuck).
  4798 | D:4      | 4798 ||| Stepping randomly (stuck).
  4799 | D:4      | 4799 ||| Stepping randomly (stuck).
  4800 | D:4      | 4800 ||| Stepping randomly (stuck).
  4801 | D:4      | 4801 ||| Stepping randomly (stuck).
  4802 | D:4      | 4802 ||| Stepping randomly (stuck).
  4803 | D:4      | 4803 ||| Stepping randomly (stuck).
  4804 | D:4      | 4804 ||| Stepping randomly (stuck).
  4805 | D:4      | 4805 ||| Stepping randomly (stuck).
  4806 | D:4      | 4806 ||| Stepping randomly (stuck).
  4807 | D:4      | 4807 ||| Stepping randomly (stuck).
  4808 | D:4      | 4808 ||| Stepping randomly (stuck).
  4809 | D:4      | 4809 ||| Stepping randomly (stuck).
  4810 | D:4      | 4810 ||| Stepping randomly (stuck).
  4811 | D:4      | 4811 ||| Stepping randomly (stuck).
  4812 | D:4      | 4812 ||| Stepping randomly (stuck).
  4813 | D:4      | 4813 ||| Stepping randomly (stuck).
  4814 | D:4      | 4814 ||| Stepping randomly (stuck).
  4815 | D:4      | 4815 ||| Stepping randomly (stuck).
  4816 | D:4      | 4816 ||| Stepping randomly (stuck).
  4817 | D:4      | 4817 ||| Stepping randomly (stuck).
  4818 | D:4      | 4818 ||| Stepping randomly (stuck).
  4819 | D:4      | 4819 ||| Stepping randomly (stuck).
  4820 | D:4      | 4820 ||| Stepping randomly (stuck).
  4821 | D:4      | 4821 ||| Stepping randomly (stuck).
  4822 | D:4      | 4822 ||| Stepping randomly (stuck).
  4823 | D:4      | 4823 ||| Stepping randomly (stuck).
  4824 | D:4      | 4824 ||| Stepping randomly (stuck).
  4825 | D:4      | 4825 ||| Stepping randomly (stuck).
  4826 | D:4      | 4826 ||| Stepping randomly (stuck).
  4827 | D:4      | 4827 ||| Stepping randomly (stuck).
  4828 | D:4      | 4828 ||| Stepping randomly (stuck).
  4829 | D:4      | 4829 ||| Stepping randomly (stuck).
  4830 | D:4      | 4830 ||| Stepping randomly (stuck).
  4831 | D:4      | 4831 ||| Stepping randomly (stuck).
  4832 | D:4      | 4832 ||| Stepping randomly (stuck).
  4833 | D:4      | 4833 ||| Stepping randomly (stuck).
  4834 | D:4      | 4834 ||| Stepping randomly (stuck).
  4835 | D:4      | 4835 ||| Stepping randomly (stuck).
  4836 | D:4      | 4836 ||| Stepping randomly (stuck).
  4837 | D:4      | 4837 ||| Stepping randomly (stuck).
  4838 | D:4      | 4838 ||| Stepping randomly (stuck).
  4839 | D:4      | 4839 ||| Stepping randomly (stuck).
  4840 | D:4      | 4840 ||| Stepping randomly (stuck).
  4841 | D:4      | 4841 ||| Stepping randomly (stuck).
  4842 | D:4      | 4842 ||| Stepping randomly (stuck).
  4843 | D:4      | 4843 ||| Stepping randomly (stuck).
  4844 | D:4      | 4844 ||| Stepping randomly (stuck).
  4845 | D:4      | 4845 ||| Stepping randomly (stuck).
  4846 | D:4      | 4846 ||| Stepping randomly (stuck).
  4847 | D:4      | 4847 ||| Stepping randomly (stuck).
  4848 | D:4      | 4848 ||| Stepping randomly (stuck).
  4849 | D:4      | 4849 ||| Stepping randomly (stuck).
  4850 | D:4      | 4850 ||| Stepping randomly (stuck).
  4851 | D:4      | 4851 ||| Stepping randomly (stuck).
  4852 | D:4      | 4852 ||| Stepping randomly (stuck).
  4853 | D:4      | 4853 ||| Stepping randomly (stuck).
  4854 | D:4      | 4854 ||| Stepping randomly (stuck).
  4855 | D:4      | 4855 ||| Stepping randomly (stuck).
  4856 | D:4      | 4856 ||| Stepping randomly (stuck).
  4857 | D:4      | 4857 ||| Stepping randomly (stuck).
  4858 | D:4      | 4858 ||| Stepping randomly (stuck).
  4859 | D:4      | 4859 ||| Stepping randomly (stuck).
  4860 | D:4      | 4860 ||| Stepping randomly (stuck).
  4861 | D:4      | 4861 ||| Stepping randomly (stuck).
  4862 | D:4      | 4862 ||| Stepping randomly (stuck).
  4863 | D:4      | 4863 ||| Stepping randomly (stuck).
  4864 | D:4      | 4864 ||| Stepping randomly (stuck).
  4865 | D:4      | 4865 ||| Stepping randomly (stuck).
  4866 | D:4      | 4866 ||| Stepping randomly (stuck).
  4867 | D:4      | 4867 ||| Stepping randomly (stuck).
  4868 | D:4      | 4868 ||| Stepping randomly (stuck).
  4869 | D:4      | 4869 ||| Stepping randomly (stuck).
  4870 | D:4      | 4870 ||| Stepping randomly (stuck).
  4871 | D:4      | 4871 ||| Stepping randomly (stuck).
  4872 | D:4      | 4872 ||| Stepping randomly (stuck).
  4873 | D:4      | 4873 ||| Stepping randomly (stuck).
  4874 | D:4      | 4874 ||| Stepping randomly (stuck).
  4875 | D:4      | 4875 ||| Stepping randomly (stuck).
  4876 | D:4      | 4876 ||| Stepping randomly (stuck).
  4877 | D:4      | 4877 ||| Stepping randomly (stuck).
  4878 | D:4      | 4878 ||| Stepping randomly (stuck).
  4879 | D:4      | 4879 ||| Stepping randomly (stuck).
  4880 | D:4      | 4880 ||| Stepping randomly (stuck).
  4881 | D:4      | 4881 ||| Stepping randomly (stuck).
  4882 | D:4      | 4882 ||| Stepping randomly (stuck).
  4883 | D:4      | 4883 ||| Stepping randomly (stuck).
  4884 | D:4      | 4884 ||| Stepping randomly (stuck).
  4885 | D:4      | 4885 ||| Stepping randomly (stuck).
  4886 | D:4      | 4886 ||| Stepping randomly (stuck).
  4887 | D:4      | 4887 ||| Stepping randomly (stuck).
  4888 | D:4      | 4888 ||| Stepping randomly (stuck).
  4889 | D:4      | 4889 ||| Stepping randomly (stuck).
  4890 | D:4      | 4890 ||| Stepping randomly (stuck).
  4891 | D:4      | 4891 ||| Stepping randomly (stuck).
  4892 | D:4      | 4892 ||| Stepping randomly (stuck).
  4893 | D:4      | 4893 ||| Stepping randomly (stuck).
  4894 | D:4      | 4894 ||| Stepping randomly (stuck).
  4895 | D:4      | 4895 ||| Stepping randomly (stuck).
  4896 | D:4      | 4896 ||| Stepping randomly (stuck).
  4897 | D:4      | 4897 ||| Stepping randomly (stuck).
  4898 | D:4      | 4898 ||| Stepping randomly (stuck).
  4899 | D:4      | 4899 ||| Stepping randomly (stuck).
  4900 | D:4      | 4900 ||| Stepping randomly (stuck).
  4901 | D:4      | 4901 ||| Stepping randomly (stuck).
  4902 | D:4      | 4902 ||| Stepping randomly (stuck).
  4903 | D:4      | 4903 ||| Stepping randomly (stuck).
  4904 | D:4      | 4904 ||| Stepping randomly (stuck).
  4905 | D:4      | 4905 ||| Stepping randomly (stuck).
  4906 | D:4      | 4906 ||| Stepping randomly (stuck).
  4907 | D:4      | 4907 ||| Stepping randomly (stuck).
  4908 | D:4      | 4908 ||| Stepping randomly (stuck).
  4909 | D:4      | 4909 ||| Stepping randomly (stuck).
  4910 | D:4      | 4910 ||| Stepping randomly (stuck).
  4911 | D:4      | 4911 ||| Stepping randomly (stuck).
  4912 | D:4      | 4912 ||| Stepping randomly (stuck).
  4913 | D:4      | 4913 ||| Stepping randomly (stuck).
  4914 | D:4      | 4914 ||| Stepping randomly (stuck).
  4915 | D:4      | 4915 ||| Stepping randomly (stuck).
  4916 | D:4      | 4916 ||| Stepping randomly (stuck).
  4917 | D:4      | 4917 ||| Stepping randomly (stuck).
  4918 | D:4      | 4918 ||| Stepping randomly (stuck).
  4919 | D:4      | 4919 ||| Stepping randomly (stuck).
  4920 | D:4      | 4920 ||| Stepping randomly (stuck).
  4921 | D:4      | 4921 ||| Stepping randomly (stuck).
  4922 | D:4      | 4922 ||| Stepping randomly (stuck).
  4923 | D:4      | 4923 ||| Stepping randomly (stuck).
  4924 | D:4      | 4924 ||| Stepping randomly (stuck).
  4925 | D:4      | 4925 ||| Stepping randomly (stuck).
  4926 | D:4      | 4926 ||| Stepping randomly (stuck).
  4927 | D:4      | 4927 ||| Stepping randomly (stuck).
  4928 | D:4      | 4928 ||| Stepping randomly (stuck).
  4929 | D:4      | 4929 ||| Stepping randomly (stuck).
  4930 | D:4      | 4930 ||| Stepping randomly (stuck).
  4931 | D:4      | 4931 ||| Stepping randomly (stuck).
  4932 | D:4      | 4932 ||| Stepping randomly (stuck).
  4933 | D:4      | 4933 ||| Stepping randomly (stuck).
  4934 | D:4      | 4934 ||| Stepping randomly (stuck).
  4935 | D:4      | 4935 ||| Stepping randomly (stuck).
  4936 | D:4      | 4936 ||| Stepping randomly (stuck).
  4937 | D:4      | 4937 ||| Stepping randomly (stuck).
  4938 | D:4      | 4938 ||| Stepping randomly (stuck).
  4939 | D:4      | 4939 ||| Stepping randomly (stuck).
  4940 | D:4      | 4940 ||| Stepping randomly (stuck).
  4941 | D:4      | 4941 ||| Stepping randomly (stuck).
  4942 | D:4      | 4942 ||| Stepping randomly (stuck).
  4943 | D:4      | 4943 ||| Stepping randomly (stuck).
  4944 | D:4      | 4944 ||| Stepping randomly (stuck).
  4945 | D:4      | 4945 ||| Stepping randomly (stuck).
  4946 | D:4      | 4946 ||| Stepping randomly (stuck).
  4947 | D:4      | 4947 ||| Stepping randomly (stuck).
  4948 | D:4      | 4948 ||| Stepping randomly (stuck).
  4949 | D:4      | 4949 ||| Stepping randomly (stuck).
  4950 | D:4      | 4950 ||| Stepping randomly (stuck).
  4951 | D:4      | 4951 ||| Stepping randomly (stuck).
  4952 | D:4      | 4952 ||| Stepping randomly (stuck).
  4953 | D:4      | 4953 ||| Stepping randomly (stuck).
  4954 | D:4      | 4954 ||| Stepping randomly (stuck).
  4955 | D:4      | 4955 ||| Stepping randomly (stuck).
  4956 | D:4      | 4956 ||| Stepping randomly (stuck).
  4957 | D:4      | 4957 ||| Stepping randomly (stuck).
  4958 | D:4      | 4958 ||| Stepping randomly (stuck).
  4959 | D:4      | 4959 ||| Stepping randomly (stuck).
  4960 | D:4      | 4960 ||| Stepping randomly (stuck).
  4961 | D:4      | 4961 ||| Stepping randomly (stuck).
  4962 | D:4      | 4962 ||| Stepping randomly (stuck).
  4963 | D:4      | 4963 ||| Stepping randomly (stuck).
  4964 | D:4      | 4964 ||| Stepping randomly (stuck).
  4965 | D:4      | 4965 ||| Stepping randomly (stuck).
  4966 | D:4      | 4966 ||| Stepping randomly (stuck).
  4967 | D:4      | 4967 ||| Stepping randomly (stuck).
  4968 | D:4      | 4968 ||| Stepping randomly (stuck).
  4969 | D:4      | 4969 ||| Stepping randomly (stuck).
  4970 | D:4      | 4970 ||| Stepping randomly (stuck).
  4971 | D:4      | 4971 ||| Stepping randomly (stuck).
  4972 | D:4      | 4972 ||| Stepping randomly (stuck).
  4973 | D:4      | 4973 ||| Stepping randomly (stuck).
  4974 | D:4      | 4974 ||| Stepping randomly (stuck).
  4975 | D:4      | 4975 ||| Stepping randomly (stuck).
  4976 | D:4      | 4976 ||| Stepping randomly (stuck).
  4977 | D:4      | 4977 ||| Stepping randomly (stuck).
  4978 | D:4      | 4978 ||| Stepping randomly (stuck).
  4979 | D:4      | 4979 ||| Stepping randomly (stuck).
  4980 | D:4      | 4980 ||| Stepping randomly (stuck).
  4981 | D:4      | 4981 ||| Stepping randomly (stuck).
  4982 | D:4      | 4982 ||| Stepping randomly (stuck).
  4983 | D:4      | 4983 ||| Stepping randomly (stuck).
  4984 | D:4      | 4984 ||| Stepping randomly (stuck).
  4985 | D:4      | 4985 ||| Stepping randomly (stuck).
  4986 | D:4      | 4986 ||| Stepping randomly (stuck).
  4987 | D:4      | 4987 ||| Stepping randomly (stuck).
  4988 | D:4      | 4988 ||| Stepping randomly (stuck).
  4989 | D:4      | 4989 ||| Stepping randomly (stuck).
  4990 | D:4      | 4990 ||| Stepping randomly (stuck).
  4991 | D:4      | 4991 ||| Stepping randomly (stuck).
  4992 | D:4      | 4992 ||| Stepping randomly (stuck).
  4993 | D:4      | 4993 ||| Stepping randomly (stuck).
  4994 | D:4      | 4994 ||| Stepping randomly (stuck).
  4995 | D:4      | 4995 ||| Stepping randomly (stuck).
  4996 | D:4      | 4996 ||| Stepping randomly (stuck).
  4997 | D:4      | 4997 ||| Stepping randomly (stuck).
  4998 | D:4      | 4998 ||| Stepping randomly (stuck).
  4999 | D:4      | 4999 ||| Stepping randomly (stuck).
  5000 | D:4      | 5000 ||| Stepping randomly (stuck).
  5001 | D:4      | 5001 ||| Stepping randomly (stuck).
  5002 | D:4      | 5002 ||| Stepping randomly (stuck).
  5003 | D:4      | 5003 ||| Stepping randomly (stuck).
  5004 | D:4      | 5004 ||| Stepping randomly (stuck).
  5005 | D:4      | 5005 ||| Stepping randomly (stuck).
  5006 | D:4      | 5006 ||| Stepping randomly (stuck).
  5007 | D:4      | 5007 ||| Stepping randomly (stuck).
  5008 | D:4      | 5008 ||| Stepping randomly (stuck).
  5009 | D:4      | 5009 ||| Stepping randomly (stuck).
  5010 | D:4      | 5010 ||| Stepping randomly (stuck).
  5011 | D:4      | 5011 ||| Stepping randomly (stuck).
  5012 | D:4      | 5012 ||| Stepping randomly (stuck).
  5013 | D:4      | 5013 ||| Stepping randomly (stuck).
  5014 | D:4      | 5014 ||| Stepping randomly (stuck).
  5015 | D:4      | 5015 ||| Stepping randomly (stuck).
  5016 | D:4      | 5016 ||| Stepping randomly (stuck).
  5017 | D:4      | 5017 ||| Stepping randomly (stuck).
  5018 | D:4      | 5018 ||| Stepping randomly (stuck).
  5019 | D:4      | 5019 ||| Stepping randomly (stuck).
  5020 | D:4      | 5020 ||| Stepping randomly (stuck).
  5021 | D:4      | 5021 ||| Stepping randomly (stuck).
  5022 | D:4      | 5022 ||| Stepping randomly (stuck).
  5023 | D:4      | 5023 ||| Stepping randomly (stuck).
  5024 | D:4      | 5024 ||| Stepping randomly (stuck).
  5025 | D:4      | 5025 ||| Stepping randomly (stuck).
  5026 | D:4      | 5026 ||| Stepping randomly (stuck).
  5027 | D:4      | 5027 ||| Stepping randomly (stuck).
  5028 | D:4      | 5028 ||| Stepping randomly (stuck).
  5029 | D:4      | 5029 ||| Stepping randomly (stuck).
  5030 | D:4      | 5030 ||| Stepping randomly (stuck).
  5031 | D:4      | 5031 ||| Stepping randomly (stuck).
  5032 | D:4      | 5032 ||| Stepping randomly (stuck).
  5033 | D:4      | 5033 ||| Stepping randomly (stuck).
  5034 | D:4      | 5034 ||| Stepping randomly (stuck).
  5035 | D:4      | 5035 ||| Stepping randomly (stuck).
  5036 | D:4      | 5036 ||| Stepping randomly (stuck).
  5037 | D:4      | 5037 ||| Stepping randomly (stuck).
  5038 | D:4      | 5038 ||| Stepping randomly (stuck).
  5039 | D:4      | 5039 ||| Stepping randomly (stuck).
  5040 | D:4      | 5040 ||| Stepping randomly (stuck).
  5041 | D:4      | 5041 ||| Stepping randomly (stuck).
  5042 | D:4      | 5042 ||| Stepping randomly (stuck).
  5043 | D:4      | 5043 ||| Stepping randomly (stuck).
  5044 | D:4      | 5044 ||| Stepping randomly (stuck).
  5045 | D:4      | 5045 ||| Stepping randomly (stuck).
  5046 | D:4      | 5046 ||| Stepping randomly (stuck).
  5047 | D:4      | 5047 ||| Stepping randomly (stuck).
  5048 | D:4      | 5048 ||| Stepping randomly (stuck).
  5049 | D:4      | 5049 ||| Stepping randomly (stuck).
  5050 | D:4      | 5050 ||| Stepping randomly (stuck).
  5051 | D:4      | 5051 ||| Stepping randomly (stuck).
  5052 | D:4      | 5052 ||| Stepping randomly (stuck).
  5053 | D:4      | 5053 ||| Stepping randomly (stuck).
  5054 | D:4      | 5054 ||| Stepping randomly (stuck).
  5055 | D:4      | 5055 ||| Stepping randomly (stuck).
  5056 | D:4      | 5056 ||| Stepping randomly (stuck).
  5057 | D:4      | 5057 ||| Stepping randomly (stuck).
  5058 | D:4      | 5058 ||| Stepping randomly (stuck).
  5059 | D:4      | 5059 ||| Stepping randomly (stuck).
  5060 | D:4      | 5060 ||| Stepping randomly (stuck).
  5061 | D:4      | 5061 ||| Stepping randomly (stuck).
  5062 | D:4      | 5062 ||| Stepping randomly (stuck).
  5063 | D:4      | 5063 ||| Stepping randomly (stuck).
  5064 | D:4      | 5064 ||| Stepping randomly (stuck).
  5065 | D:4      | 5065 ||| Stepping randomly (stuck).
  5066 | D:4      | 5066 ||| Stepping randomly (stuck).
  5067 | D:4      | 5067 ||| Stepping randomly (stuck).
  5068 | D:4      | 5068 ||| Stepping randomly (stuck).
  5069 | D:4      | 5069 ||| Stepping randomly (stuck).
  5070 | D:4      | 5070 ||| Stepping randomly (stuck).
  5071 | D:4      | 5071 ||| Stepping randomly (stuck).
  5072 | D:4      | 5072 ||| Stepping randomly (stuck).
  5073 | D:4      | 5073 ||| Stepping randomly (stuck).
  5074 | D:4      | 5074 ||| Stepping randomly (stuck).
  5075 | D:4      | 5075 ||| Stepping randomly (stuck).
  5076 | D:4      | 5076 ||| Stepping randomly (stuck).
  5077 | D:4      | 5077 ||| Stepping randomly (stuck).
  5078 | D:4      | 5078 ||| Stepping randomly (stuck).
  5079 | D:4      | 5079 ||| Stepping randomly (stuck).
  5080 | D:4      | 5080 ||| Stepping randomly (stuck).
  5081 | D:4      | 5081 ||| Stepping randomly (stuck).
  5082 | D:4      | 5082 ||| Stepping randomly (stuck).
  5083 | D:4      | 5083 ||| Stepping randomly (stuck).
  5084 | D:4      | 5084 ||| Stepping randomly (stuck).
  5085 | D:4      | 5085 ||| Stepping randomly (stuck).
  5086 | D:4      | 5086 ||| Stepping randomly (stuck).
  5087 | D:4      | 5087 ||| Stepping randomly (stuck).
  5088 | D:4      | 5088 ||| Stepping randomly (stuck).
  5089 | D:4      | 5089 ||| Stepping randomly (stuck).
  5090 | D:4      | 5090 ||| Stepping randomly (stuck).
  5091 | D:4      | 5091 ||| Stepping randomly (stuck).
  5092 | D:4      | 5092 ||| Stepping randomly (stuck).
  5093 | D:4      | 5093 ||| Stepping randomly (stuck).
  5094 | D:4      | 5094 ||| Stepping randomly (stuck).
  5095 | D:4      | 5095 ||| Stepping randomly (stuck).
  5096 | D:4      | 5096 ||| Stepping randomly (stuck).
  5097 | D:4      | 5097 ||| Stepping randomly (stuck).
  5098 | D:4      | 5098 ||| Stepping randomly (stuck).
  5099 | D:4      | 5099 ||| Stepping randomly (stuck).
  5100 | D:4      | 5100 ||| Stepping randomly (stuck).
  5101 | D:4      | 5101 ||| Stepping randomly (stuck).
  5102 | D:4      | 5102 ||| Stepping randomly (stuck).
  5103 | D:4      | 5103 ||| Stepping randomly (stuck).
  5104 | D:4      | 5104 ||| Stepping randomly (stuck).
  5105 | D:4      | 5105 ||| Stepping randomly (stuck).
  5106 | D:4      | 5106 ||| Stepping randomly (stuck).
  5107 | D:4      | 5107 ||| Stepping randomly (stuck).
  5108 | D:4      | 5108 ||| Stepping randomly (stuck).
  5109 | D:4      | 5109 ||| Stepping randomly (stuck).
  5110 | D:4      | 5110 ||| Stepping randomly (stuck).
  5111 | D:4      | 5111 ||| Stepping randomly (stuck).
  5112 | D:4      | 5112 ||| Stepping randomly (stuck).
  5113 | D:4      | 5113 ||| Stepping randomly (stuck).
  5114 | D:4      | 5114 ||| Stepping randomly (stuck).
  5115 | D:4      | 5115 ||| Stepping randomly (stuck).
  5116 | D:4      | 5116 ||| Stepping randomly (stuck).
  5117 | D:4      | 5117 ||| Stepping randomly (stuck).
  5118 | D:4      | 5118 ||| Stepping randomly (stuck).
  5119 | D:4      | 5119 ||| Stepping randomly (stuck).
  5120 | D:4      | 5120 ||| Stepping randomly (stuck).
  5121 | D:4      | 5121 ||| Stepping randomly (stuck).
  5122 | D:4      | 5122 ||| Stepping randomly (stuck).
  5123 | D:4      | 5123 ||| Stepping randomly (stuck).
  5124 | D:4      | 5124 ||| Stepping randomly (stuck).
  5125 | D:4      | 5125 ||| Stepping randomly (stuck).
  5126 | D:4      | 5126 ||| Stepping randomly (stuck).
  5127 | D:4      | 5127 ||| Stepping randomly (stuck).
  5128 | D:4      | 5128 ||| Stepping randomly (stuck).
  5129 | D:4      | 5129 ||| Stepping randomly (stuck).
  5130 | D:4      | 5130 ||| Stepping randomly (stuck).
  5131 | D:4      | 5131 ||| Stepping randomly (stuck).
  5132 | D:4      | 5132 ||| Stepping randomly (stuck).
  5133 | D:4      | 5133 ||| Stepping randomly (stuck).
  5134 | D:4      | 5134 ||| Stepping randomly (stuck).
  5135 | D:4      | 5135 ||| Stepping randomly (stuck).
  5136 | D:4      | 5136 ||| Stepping randomly (stuck).
  5137 | D:4      | 5137 ||| Stepping randomly (stuck).
  5138 | D:4      | 5138 ||| Stepping randomly (stuck).
  5139 | D:4      | 5139 ||| Stepping randomly (stuck).
  5140 | D:4      | 5140 ||| Stepping randomly (stuck).
  5141 | D:4      | 5141 ||| Stepping randomly (stuck).
  5142 | D:4      | 5142 ||| Stepping randomly (stuck).
  5143 | D:4      | 5143 ||| Stepping randomly (stuck).
  5144 | D:4      | 5144 ||| Stepping randomly (stuck).
  5145 | D:4      | 5145 ||| Stepping randomly (stuck).
  5146 | D:4      | 5146 ||| Stepping randomly (stuck).
  5147 | D:4      | 5147 ||| Stepping randomly (stuck).
  5148 | D:4      | 5148 ||| Stepping randomly (stuck).
  5149 | D:4      | 5149 ||| Stepping randomly (stuck).
  5150 | D:4      | 5150 ||| Stepping randomly (stuck).
  5151 | D:4      | 5151 ||| Stepping randomly (stuck).
  5152 | D:4      | 5152 ||| Stepping randomly (stuck).
  5153 | D:4      | 5153 ||| Stepping randomly (stuck).
  5154 | D:4      | 5154 ||| Stepping randomly (stuck).
  5155 | D:4      | 5155 ||| Stepping randomly (stuck).
  5156 | D:4      | 5156 ||| Stepping randomly (stuck).
  5157 | D:4      | 5157 ||| Stepping randomly (stuck).
  5158 | D:4      | 5158 ||| Stepping randomly (stuck).
  5159 | D:4      | 5159 ||| Stepping randomly (stuck).
  5160 | D:4      | 5160 ||| Stepping randomly (stuck).
  5161 | D:4      | 5161 ||| Stepping randomly (stuck).
  5162 | D:4      | 5162 ||| Stepping randomly (stuck).
  5163 | D:4      | 5163 ||| Stepping randomly (stuck).
  5164 | D:4      | 5164 ||| Stepping randomly (stuck).
  5165 | D:4      | 5165 ||| Stepping randomly (stuck).
  5166 | D:4      | 5166 ||| Stepping randomly (stuck).
  5167 | D:4      | 5167 ||| Stepping randomly (stuck).
  5168 | D:4      | 5168 ||| Stepping randomly (stuck).
  5169 | D:4      | 5169 ||| Stepping randomly (stuck).
  5170 | D:4      | 5170 ||| Stepping randomly (stuck).
  5171 | D:4      | 5171 ||| Stepping randomly (stuck).
  5172 | D:4      | 5172 ||| Stepping randomly (stuck).
  5173 | D:4      | 5173 ||| Stepping randomly (stuck).
  5174 | D:4      | 5174 ||| Stepping randomly (stuck).
  5175 | D:4      | 5175 ||| Stepping randomly (stuck).
  5176 | D:4      | 5176 ||| Stepping randomly (stuck).
  5177 | D:4      | 5177 ||| Stepping randomly (stuck).
  5178 | D:4      | 5178 ||| Stepping randomly (stuck).
  5179 | D:4      | 5179 ||| Stepping randomly (stuck).
  5180 | D:4      | 5180 ||| Stepping randomly (stuck).
  5181 | D:4      | 5181 ||| Stepping randomly (stuck).
  5182 | D:4      | 5182 ||| Stepping randomly (stuck).
  5183 | D:4      | 5183 ||| Stepping randomly (stuck).
  5184 | D:4      | 5184 ||| Stepping randomly (stuck).
  5185 | D:4      | 5185 ||| Stepping randomly (stuck).
  5186 | D:4      | 5186 ||| Stepping randomly (stuck).
  5187 | D:4      | 5187 ||| Stepping randomly (stuck).
  5188 | D:4      | 5188 ||| Stepping randomly (stuck).
  5189 | D:4      | 5189 ||| Stepping randomly (stuck).
  5190 | D:4      | 5190 ||| Stepping randomly (stuck).
  5191 | D:4      | 5191 ||| Stepping randomly (stuck).
  5192 | D:4      | 5192 ||| Stepping randomly (stuck).
  5193 | D:4      | 5193 ||| Stepping randomly (stuck).
  5194 | D:4      | 5194 ||| Stepping randomly (stuck).
  5195 | D:4      | 5195 ||| Stepping randomly (stuck).
  5196 | D:4      | 5196 ||| Stepping randomly (stuck).
  5197 | D:4      | 5197 ||| Stepping randomly (stuck).
  5198 | D:4      | 5198 ||| Stepping randomly (stuck).
  5199 | D:4      | 5199 ||| Stepping randomly (stuck).
  5200 | D:4      | 5200 ||| Stepping randomly (stuck).
  5201 | D:4      | 5201 ||| Stepping randomly (stuck).
  5202 | D:4      | 5202 ||| Stepping randomly (stuck).
  5203 | D:4      | 5203 ||| Stepping randomly (stuck).
  5204 | D:4      | 5204 ||| Stepping randomly (stuck).
  5205 | D:4      | 5205 ||| Stepping randomly (stuck).
  5206 | D:4      | 5206 ||| Stepping randomly (stuck).
  5207 | D:4      | 5207 ||| Stepping randomly (stuck).
  5208 | D:4      | 5208 ||| Stepping randomly (stuck).
  5209 | D:4      | 5209 ||| Stepping randomly (stuck).
  5210 | D:4      | 5210 ||| Stepping randomly (stuck).
  5211 | D:4      | 5211 ||| Stepping randomly (stuck).
  5212 | D:4      | 5212 ||| Stepping randomly (stuck).
  5213 | D:4      | 5213 ||| Stepping randomly (stuck).
  5214 | D:4      | 5214 ||| Stepping randomly (stuck).
  5215 | D:4      | 5215 ||| Stepping randomly (stuck).
  5216 | D:4      | 5216 ||| Stepping randomly (stuck).
  5217 | D:4      | 5217 ||| Stepping randomly (stuck).
  5218 | D:4      | 5218 ||| Stepping randomly (stuck).
  5219 | D:4      | 5219 ||| Stepping randomly (stuck).
  5220 | D:4      | 5220 ||| Stepping randomly (stuck).
  5221 | D:4      | 5221 ||| Stepping randomly (stuck).
  5222 | D:4      | 5222 ||| Stepping randomly (stuck).
  5223 | D:4      | 5223 ||| Stepping randomly (stuck).
  5224 | D:4      | 5224 ||| Stepping randomly (stuck).
  5225 | D:4      | 5225 ||| Stepping randomly (stuck).
  5226 | D:4      | 5226 ||| Stepping randomly (stuck).
  5227 | D:4      | 5227 ||| Stepping randomly (stuck).
  5228 | D:4      | 5228 ||| Stepping randomly (stuck).
  5229 | D:4      | 5229 ||| Stepping randomly (stuck).
  5230 | D:4      | 5230 ||| Stepping randomly (stuck).
  5231 | D:4      | 5231 ||| Stepping randomly (stuck).
  5232 | D:4      | 5232 ||| Stepping randomly (stuck).
  5233 | D:4      | 5233 ||| Stepping randomly (stuck).
  5234 | D:4      | 5234 ||| Stepping randomly (stuck).
  5235 | D:4      | 5235 ||| Stepping randomly (stuck).
  5236 | D:4      | 5236 ||| Stepping randomly (stuck).
  5237 | D:4      | 5237 ||| Stepping randomly (stuck).
  5238 | D:4      | 5238 ||| Stepping randomly (stuck).
  5239 | D:4      | 5239 ||| Stepping randomly (stuck).
  5240 | D:4      | 5240 ||| Stepping randomly (stuck).
  5241 | D:4      | 5241 ||| Stepping randomly (stuck).
  5242 | D:4      | 5242 ||| Stepping randomly (stuck).
  5243 | D:4      | 5243 ||| Stepping randomly (stuck).
  5244 | D:4      | 5244 ||| Stepping randomly (stuck).
  5245 | D:4      | 5245 ||| Stepping randomly (stuck).
  5246 | D:4      | 5246 ||| Stepping randomly (stuck).
  5247 | D:4      | 5247 ||| Stepping randomly (stuck).
  5248 | D:4      | 5248 ||| Stepping randomly (stuck).
  5249 | D:4      | 5249 ||| Stepping randomly (stuck).
  5250 | D:4      | 5250 ||| Stepping randomly (stuck).
  5251 | D:4      | 5251 ||| Stepping randomly (stuck).
  5252 | D:4      | 5252 ||| Stepping randomly (stuck).
  5253 | D:4      | 5253 ||| Stepping randomly (stuck).
  5254 | D:4      | 5254 ||| Stepping randomly (stuck).
  5255 | D:4      | 5255 ||| Stepping randomly (stuck).
  5256 | D:4      | 5256 ||| Stepping randomly (stuck).
  5257 | D:4      | 5257 ||| Stepping randomly (stuck).
  5258 | D:4      | 5258 ||| Stepping randomly (stuck).
  5259 | D:4      | 5259 ||| Stepping randomly (stuck).
  5260 | D:4      | 5260 ||| Stepping randomly (stuck).
  5261 | D:4      | 5261 ||| Stepping randomly (stuck).
  5262 | D:4      | 5262 ||| Stepping randomly (stuck).
  5263 | D:4      | 5263 ||| Stepping randomly (stuck).
  5264 | D:4      | 5264 ||| Stepping randomly (stuck).
  5265 | D:4      | 5265 ||| Stepping randomly (stuck).
  5266 | D:4      | 5266 ||| Stepping randomly (stuck).
  5267 | D:4      | 5267 ||| Stepping randomly (stuck).
  5268 | D:4      | 5268 ||| Stepping randomly (stuck).
  5269 | D:4      | 5269 ||| Stepping randomly (stuck).
  5270 | D:4      | 5270 ||| Stepping randomly (stuck).
  5271 | D:4      | 5271 ||| Stepping randomly (stuck).
  5272 | D:4      | 5272 ||| Stepping randomly (stuck).
  5273 | D:4      | 5273 ||| Stepping randomly (stuck).
  5274 | D:4      | 5274 ||| Stepping randomly (stuck).
  5275 | D:4      | 5275 ||| Stepping randomly (stuck).
  5276 | D:4      | 5276 ||| Stepping randomly (stuck).
  5277 | D:4      | 5277 ||| Stepping randomly (stuck).
  5278 | D:4      | 5278 ||| Stepping randomly (stuck).
  5279 | D:4      | 5279 ||| Stepping randomly (stuck).
  5280 | D:4      | 5280 ||| Stepping randomly (stuck).
  5281 | D:4      | 5281 ||| Stepping randomly (stuck).
  5282 | D:4      | 5282 ||| Stepping randomly (stuck).
  5283 | D:4      | 5283 ||| Stepping randomly (stuck).
  5284 | D:4      | 5284 ||| Stepping randomly (stuck).
  5285 | D:4      | 5285 ||| Stepping randomly (stuck).
  5286 | D:4      | 5286 ||| Stepping randomly (stuck).
  5287 | D:4      | 5287 ||| Stepping randomly (stuck).
  5288 | D:4      | 5288 ||| Stepping randomly (stuck).
  5289 | D:4      | 5289 ||| Stepping randomly (stuck).
  5290 | D:4      | 5290 ||| Stepping randomly (stuck).
  5291 | D:4      | 5291 ||| Stepping randomly (stuck).
  5292 | D:4      | 5292 ||| Stepping randomly (stuck).
  5293 | D:4      | 5293 ||| Stepping randomly (stuck).
  5294 | D:4      | 5294 ||| Stepping randomly (stuck).
  5295 | D:4      | 5295 ||| Stepping randomly (stuck).
  5296 | D:4      | 5296 ||| Stepping randomly (stuck).
  5297 | D:4      | 5297 ||| Stepping randomly (stuck).
  5298 | D:4      | 5298 ||| Stepping randomly (stuck).
  5299 | D:4      | 5299 ||| Stepping randomly (stuck).
  5300 | D:4      | 5300 ||| Stepping randomly (stuck).
  5301 | D:4      | 5301 ||| Stepping randomly (stuck).
  5302 | D:4      | 5302 ||| Stepping randomly (stuck).
  5303 | D:4      | 5303 ||| Stepping randomly (stuck).
  5304 | D:4      | 5304 ||| Stepping randomly (stuck).
  5305 | D:4      | 5305 ||| Stepping randomly (stuck).
  5306 | D:4      | 5306 ||| Stepping randomly (stuck).
  5307 | D:4      | 5307 ||| Stepping randomly (stuck).
  5308 | D:4      | 5308 ||| Stepping randomly (stuck).
  5309 | D:4      | 5309 ||| Stepping randomly (stuck).
  5310 | D:4      | 5310 ||| Stepping randomly (stuck).
  5311 | D:4      | 5311 ||| Stepping randomly (stuck).
  5312 | D:4      | 5312 ||| Stepping randomly (stuck).
  5313 | D:4      | 5313 ||| Stepping randomly (stuck).
  5314 | D:4      | 5314 ||| Stepping randomly (stuck).
  5315 | D:4      | 5315 ||| Stepping randomly (stuck).
  5316 | D:4      | 5316 ||| Stepping randomly (stuck).
  5317 | D:4      | 5317 ||| Stepping randomly (stuck).
  5318 | D:4      | 5318 ||| Stepping randomly (stuck).
  5319 | D:4      | 5319 ||| Stepping randomly (stuck).
  5320 | D:4      | 5320 ||| Stepping randomly (stuck).
  5321 | D:4      | 5321 ||| Stepping randomly (stuck).
  5322 | D:4      | 5322 ||| Stepping randomly (stuck).
  5323 | D:4      | 5323 ||| Stepping randomly (stuck).
  5324 | D:4      | 5324 ||| Stepping randomly (stuck).
  5325 | D:4      | 5325 ||| Stepping randomly (stuck).
  5326 | D:4      | 5326 ||| Stepping randomly (stuck).
  5327 | D:4      | 5327 ||| Stepping randomly (stuck).
  5328 | D:4      | 5328 ||| Stepping randomly (stuck).
  5329 | D:4      | 5329 ||| Stepping randomly (stuck).
  5330 | D:4      | 5330 ||| Stepping randomly (stuck).
  5331 | D:4      | 5331 ||| Stepping randomly (stuck).
  5332 | D:4      | 5332 ||| Stepping randomly (stuck).
  5333 | D:4      | 5333 ||| Stepping randomly (stuck).
  5334 | D:4      | 5334 ||| Stepping randomly (stuck).
  5335 | D:4      | 5335 ||| Stepping randomly (stuck).
  5336 | D:4      | 5336 ||| Stepping randomly (stuck).
  5337 | D:4      | 5337 ||| Stepping randomly (stuck).
  5338 | D:4      | 5338 ||| Stepping randomly (stuck).
  5339 | D:4      | 5339 ||| Stepping randomly (stuck).
  5340 | D:4      | 5340 ||| Stepping randomly (stuck).
  5341 | D:4      | 5341 ||| Stepping randomly (stuck).
  5342 | D:4      | 5342 ||| Stepping randomly (stuck).
  5343 | D:4      | 5343 ||| Stepping randomly (stuck).
  5344 | D:4      | 5344 ||| Stepping randomly (stuck).
  5345 | D:4      | 5345 ||| Stepping randomly (stuck).
  5346 | D:4      | 5346 ||| Stepping randomly (stuck).
  5347 | D:4      | 5347 ||| Stepping randomly (stuck).
  5348 | D:4      | 5348 ||| Stepping randomly (stuck).
  5349 | D:4      | 5349 ||| Stepping randomly (stuck).
  5350 | D:4      | 5350 ||| Stepping randomly (stuck).
  5351 | D:4      | 5351 ||| Stepping randomly (stuck).
  5352 | D:4      | 5352 ||| Stepping randomly (stuck).
  5353 | D:4      | 5353 ||| Stepping randomly (stuck).
  5354 | D:4      | 5354 ||| Stepping randomly (stuck).
  5355 | D:4      | 5355 ||| Stepping randomly (stuck).
  5356 | D:4      | 5356 ||| Stepping randomly (stuck).
  5357 | D:4      | 5357 ||| Stepping randomly (stuck).
  5358 | D:4      | 5358 ||| Stepping randomly (stuck).
  5359 | D:4      | 5359 ||| Stepping randomly (stuck).
  5360 | D:4      | 5360 ||| Stepping randomly (stuck).
  5361 | D:4      | 5361 ||| Stepping randomly (stuck).
  5362 | D:4      | 5362 ||| Stepping randomly (stuck).
  5363 | D:4      | 5363 ||| Stepping randomly (stuck).
  5364 | D:4      | 5364 ||| Stepping randomly (stuck).
  5365 | D:4      | 5365 ||| Stepping randomly (stuck).
  5366 | D:4      | 5366 ||| Stepping randomly (stuck).
  5367 | D:4      | 5367 ||| Stepping randomly (stuck).
  5368 | D:4      | 5368 ||| Stepping randomly (stuck).
  5369 | D:4      | 5369 ||| Stepping randomly (stuck).
  5370 | D:4      | 5370 ||| Stepping randomly (stuck).
  5371 | D:4      | 5371 ||| Stepping randomly (stuck).
  5372 | D:4      | 5372 ||| Stepping randomly (stuck).
  5373 | D:4      | 5373 ||| Stepping randomly (stuck).
  5374 | D:4      | 5374 ||| Stepping randomly (stuck).
  5375 | D:4      | 5375 ||| Stepping randomly (stuck).
  5376 | D:4      | 5376 ||| Stepping randomly (stuck).
  5377 | D:4      | 5377 ||| Stepping randomly (stuck).
  5378 | D:4      | 5378 ||| Stepping randomly (stuck).
  5379 | D:4      | 5379 ||| Stepping randomly (stuck).
  5380 | D:4      | 5380 ||| Stepping randomly (stuck).
  5381 | D:4      | 5381 ||| Stepping randomly (stuck).
  5382 | D:4      | 5382 ||| Stepping randomly (stuck).
  5383 | D:4      | 5383 ||| Stepping randomly (stuck).
  5384 | D:4      | 5384 ||| Stepping randomly (stuck).
  5385 | D:4      | 5385 ||| Stepping randomly (stuck).
  5386 | D:4      | 5386 ||| Stepping randomly (stuck).
  5387 | D:4      | 5387 ||| Stepping randomly (stuck).
  5388 | D:4      | 5388 ||| Stepping randomly (stuck).
  5389 | D:4      | 5389 ||| Stepping randomly (stuck).
  5390 | D:4      | 5390 ||| Stepping randomly (stuck).
  5391 | D:4      | 5391 ||| Stepping randomly (stuck).
  5392 | D:4      | 5392 ||| Stepping randomly (stuck).
  5393 | D:4      | 5393 ||| Stepping randomly (stuck).
  5394 | D:4      | 5394 ||| Stepping randomly (stuck).
  5395 | D:4      | 5395 ||| Stepping randomly (stuck).
  5396 | D:4      | 5396 ||| Stepping randomly (stuck).
  5397 | D:4      | 5397 ||| Stepping randomly (stuck).
  5398 | D:4      | 5398 ||| Stepping randomly (stuck).
  5399 | D:4      | 5399 ||| Stepping randomly (stuck).
  5400 | D:4      | 5400 ||| Stepping randomly (stuck).
  5401 | D:4      | 5401 ||| Stepping randomly (stuck).
  5402 | D:4      | 5402 ||| Stepping randomly (stuck).
  5403 | D:4      | 5403 ||| Stepping randomly (stuck).
  5404 | D:4      | 5404 ||| Stepping randomly (stuck).
  5405 | D:4      | 5405 ||| Stepping randomly (stuck).
  5406 | D:4      | 5406 ||| Stepping randomly (stuck).
  5407 | D:4      | 5407 ||| Stepping randomly (stuck).
  5408 | D:4      | 5408 ||| Stepping randomly (stuck).
  5409 | D:4      | 5409 ||| Stepping randomly (stuck).
  5410 | D:4      | 5410 ||| Stepping randomly (stuck).
  5411 | D:4      | 5411 ||| Stepping randomly (stuck).
  5412 | D:4      | 5412 ||| Stepping randomly (stuck).
  5413 | D:4      | 5413 ||| Stepping randomly (stuck).
  5414 | D:4      | 5414 ||| Stepping randomly (stuck).
  5415 | D:4      | 5415 ||| Stepping randomly (stuck).
  5416 | D:4      | 5416 ||| Stepping randomly (stuck).
  5417 | D:4      | 5417 ||| Stepping randomly (stuck).
  5418 | D:4      | 5418 ||| Stepping randomly (stuck).
  5419 | D:4      | 5419 ||| Stepping randomly (stuck).
  5420 | D:4      | 5420 ||| Stepping randomly (stuck).
  5421 | D:4      | 5421 ||| Stepping randomly (stuck).
  5422 | D:4      | 5422 ||| Stepping randomly (stuck).
  5423 | D:4      | 5423 ||| Stepping randomly (stuck).
  5424 | D:4      | 5424 ||| Stepping randomly (stuck).
  5425 | D:4      | 5425 ||| Stepping randomly (stuck).
  5426 | D:4      | 5426 ||| Stepping randomly (stuck).
  5427 | D:4      | 5427 ||| Stepping randomly (stuck).
  5428 | D:4      | 5428 ||| Stepping randomly (stuck).
  5429 | D:4      | 5429 ||| Stepping randomly (stuck).
  5430 | D:4      | 5430 ||| Stepping randomly (stuck).
  5431 | D:4      | 5431 ||| Stepping randomly (stuck).
  5432 | D:4      | 5432 ||| Stepping randomly (stuck).
  5433 | D:4      | 5433 ||| Stepping randomly (stuck).
  5434 | D:4      | 5434 ||| Stepping randomly (stuck).
  5435 | D:4      | 5435 ||| Stepping randomly (stuck).
  5436 | D:4      | 5436 ||| Stepping randomly (stuck).
  5437 | D:4      | 5437 ||| Stepping randomly (stuck).
  5438 | D:4      | 5438 ||| Stepping randomly (stuck).
  5439 | D:4      | 5439 ||| Stepping randomly (stuck).
  5440 | D:4      | 5440 ||| Stepping randomly (stuck).
  5441 | D:4      | 5441 ||| Stepping randomly (stuck).
  5442 | D:4      | 5442 ||| Stepping randomly (stuck).
  5443 | D:4      | 5443 ||| Stepping randomly (stuck).
  5444 | D:4      | 5444 ||| Stepping randomly (stuck).
  5445 | D:4      | 5445 ||| Stepping randomly (stuck).
  5446 | D:4      | 5446 ||| Stepping randomly (stuck).
  5447 | D:4      | 5447 ||| Stepping randomly (stuck).
  5448 | D:4      | 5448 ||| Stepping randomly (stuck).
  5449 | D:4      | 5449 ||| Stepping randomly (stuck).
  5450 | D:4      | 5450 ||| Stepping randomly (stuck).
  5451 | D:4      | 5451 ||| Stepping randomly (stuck).
  5452 | D:4      | 5452 ||| Stepping randomly (stuck).
  5453 | D:4      | 5453 ||| Stepping randomly (stuck).
  5454 | D:4      | 5454 ||| Stepping randomly (stuck).
  5455 | D:4      | 5455 ||| Stepping randomly (stuck).
  5456 | D:4      | 5456 ||| Stepping randomly (stuck).
  5457 | D:4      | 5457 ||| Stepping randomly (stuck).
  5458 | D:4      | 5458 ||| Stepping randomly (stuck).
  5459 | D:4      | 5459 ||| Stepping randomly (stuck).
  5460 | D:4      | 5460 ||| Stepping randomly (stuck).
  5461 | D:4      | 5461 ||| Stepping randomly (stuck).
  5462 | D:4      | 5462 ||| Stepping randomly (stuck).
  5463 | D:4      | 5463 ||| Stepping randomly (stuck).
  5464 | D:4      | 5464 ||| Stepping randomly (stuck).
  5465 | D:4      | 5465 ||| Stepping randomly (stuck).
  5466 | D:4      | 5466 ||| Stepping randomly (stuck).
  5467 | D:4      | 5467 ||| Stepping randomly (stuck).
  5468 | D:4      | 5468 ||| Stepping randomly (stuck).
  5469 | D:4      | 5469 ||| Stepping randomly (stuck).
  5470 | D:4      | 5470 ||| Stepping randomly (stuck).
  5471 | D:4      | 5471 ||| Stepping randomly (stuck).
  5472 | D:4      | 5472 ||| Stepping randomly (stuck).
  5473 | D:4      | 5473 ||| Stepping randomly (stuck).
  5474 | D:4      | 5474 ||| Stepping randomly (stuck).
  5475 | D:4      | 5475 ||| Stepping randomly (stuck).
  5476 | D:4      | 5476 ||| Stepping randomly (stuck).
  5477 | D:4      | 5477 ||| Stepping randomly (stuck).
  5478 | D:4      | 5478 ||| Stepping randomly (stuck).
  5479 | D:4      | 5479 ||| Stepping randomly (stuck).
  5480 | D:4      | 5480 ||| Stepping randomly (stuck).
  5481 | D:4      | 5481 ||| Stepping randomly (stuck).
  5482 | D:4      | 5482 ||| Stepping randomly (stuck).
  5483 | D:4      | 5483 ||| Stepping randomly (stuck).
  5484 | D:4      | 5484 ||| Stepping randomly (stuck).
  5485 | D:4      | 5485 ||| Stepping randomly (stuck).
  5486 | D:4      | 5486 ||| Stepping randomly (stuck).
  5487 | D:4      | 5487 ||| Stepping randomly (stuck).
  5488 | D:4      | 5488 ||| Stepping randomly (stuck).
  5489 | D:4      | 5489 ||| Stepping randomly (stuck).
  5490 | D:4      | 5490 ||| Stepping randomly (stuck).
  5491 | D:4      | 5491 ||| Stepping randomly (stuck).
  5492 | D:4      | 5492 ||| Stepping randomly (stuck).
  5493 | D:4      | 5493 ||| Stepping randomly (stuck).
  5494 | D:4      | 5494 ||| Stepping randomly (stuck).
  5495 | D:4      | 5495 ||| Stepping randomly (stuck).
  5496 | D:4      | 5496 ||| Stepping randomly (stuck).
  5497 | D:4      | 5497 ||| Stepping randomly (stuck).
  5498 | D:4      | 5498 ||| Stepping randomly (stuck).
  5499 | D:4      | 5499 ||| Stepping randomly (stuck).
  5500 | D:4      | 5500 ||| Stepping randomly (stuck).
  5501 | D:4      | 5501 ||| Stepping randomly (stuck).
  5502 | D:4      | 5502 ||| Stepping randomly (stuck).
  5503 | D:4      | 5503 ||| Stepping randomly (stuck).
  5504 | D:4      | 5504 ||| Stepping randomly (stuck).
  5505 | D:4      | 5505 ||| Stepping randomly (stuck).
  5506 | D:4      | 5506 ||| Stepping randomly (stuck).
  5507 | D:4      | 5507 ||| Stepping randomly (stuck).
  5508 | D:4      | 5508 ||| Stepping randomly (stuck).
  5509 | D:4      | 5509 ||| Stepping randomly (stuck).
  5510 | D:4      | 5510 ||| Stepping randomly (stuck).
  5511 | D:4      | 5511 ||| Stepping randomly (stuck).
  5512 | D:4      | 5512 ||| Stepping randomly (stuck).
  5513 | D:4      | 5513 ||| Stepping randomly (stuck).
  5514 | D:4      | 5514 ||| Stepping randomly (stuck).
  5515 | D:4      | 5515 ||| Stepping randomly (stuck).
  5516 | D:4      | 5516 ||| Stepping randomly (stuck).
  5517 | D:4      | 5517 ||| Stepping randomly (stuck).
  5518 | D:4      | 5518 ||| Stepping randomly (stuck).
  5519 | D:4      | 5519 ||| Stepping randomly (stuck).
  5520 | D:4      | 5520 ||| Stepping randomly (stuck).
  5521 | D:4      | 5521 ||| Stepping randomly (stuck).
  5522 | D:4      | 5522 ||| Stepping randomly (stuck).
  5523 | D:4      | 5523 ||| Stepping randomly (stuck).
  5524 | D:4      | 5524 ||| Stepping randomly (stuck).
  5525 | D:4      | 5525 ||| Stepping randomly (stuck).
  5526 | D:4      | 5526 ||| Stepping randomly (stuck).
  5527 | D:4      | 5527 ||| Stepping randomly (stuck).
  5528 | D:4      | 5528 ||| Stepping randomly (stuck).
  5529 | D:4      | 5529 ||| Stepping randomly (stuck).
  5530 | D:4      | 5530 ||| Stepping randomly (stuck).
  5531 | D:4      | 5531 ||| Stepping randomly (stuck).
  5532 | D:4      | 5532 ||| Stepping randomly (stuck).
  5533 | D:4      | 5533 ||| Stepping randomly (stuck).
  5534 | D:4      | 5534 ||| Stepping randomly (stuck).
  5535 | D:4      | 5535 ||| Stepping randomly (stuck).
  5536 | D:4      | 5536 ||| Stepping randomly (stuck).
  5537 | D:4      | 5537 ||| Stepping randomly (stuck).
  5538 | D:4      | 5538 ||| Stepping randomly (stuck).
  5539 | D:4      | 5539 ||| Stepping randomly (stuck).
  5540 | D:4      | 5540 ||| Stepping randomly (stuck).
  5541 | D:4      | 5541 ||| Stepping randomly (stuck).
  5542 | D:4      | 5542 ||| Stepping randomly (stuck).
  5543 | D:4      | 5543 ||| Stepping randomly (stuck).
  5544 | D:4      | 5544 ||| Stepping randomly (stuck).
  5545 | D:4      | 5545 ||| Stepping randomly (stuck).
  5546 | D:4      | 5546 ||| Stepping randomly (stuck).
  5547 | D:4      | 5547 ||| Stepping randomly (stuck).
  5548 | D:4      | 5548 ||| Stepping randomly (stuck).
  5549 | D:4      | 5549 ||| Stepping randomly (stuck).
  5550 | D:4      | 5550 ||| Stepping randomly (stuck).
  5551 | D:4      | 5551 ||| Stepping randomly (stuck).
  5552 | D:4      | 5552 ||| Stepping randomly (stuck).
  5553 | D:4      | 5553 ||| Stepping randomly (stuck).
  5554 | D:4      | 5554 ||| Stepping randomly (stuck).
  5555 | D:4      | 5555 ||| Stepping randomly (stuck).
  5556 | D:4      | 5556 ||| Stepping randomly (stuck).
  5557 | D:4      | 5557 ||| Stepping randomly (stuck).
  5558 | D:4      | 5558 ||| Stepping randomly (stuck).
  5559 | D:4      | 5559 ||| Stepping randomly (stuck).
  5560 | D:4      | 5560 ||| Stepping randomly (stuck).
  5561 | D:4      | 5561 ||| Stepping randomly (stuck).
  5562 | D:4      | 5562 ||| Stepping randomly (stuck).
  5563 | D:4      | 5563 ||| Stepping randomly (stuck).
  5564 | D:4      | 5564 ||| Stepping randomly (stuck).
  5565 | D:4      | 5565 ||| Stepping randomly (stuck).
  5566 | D:4      | 5566 ||| Stepping randomly (stuck).
  5567 | D:4      | 5567 ||| Stepping randomly (stuck).
  5568 | D:4      | 5568 ||| Stepping randomly (stuck).
  5569 | D:4      | 5569 ||| Stepping randomly (stuck).
  5570 | D:4      | 5570 ||| Stepping randomly (stuck).
  5571 | D:4      | 5571 ||| Stepping randomly (stuck).
  5572 | D:4      | 5572 ||| Stepping randomly (stuck).
  5573 | D:4      | 5573 ||| Stepping randomly (stuck).
  5574 | D:4      | 5574 ||| Stepping randomly (stuck).
  5575 | D:4      | 5575 ||| Stepping randomly (stuck).
  5576 | D:4      | 5576 ||| Stepping randomly (stuck).
  5577 | D:4      | 5577 ||| Stepping randomly (stuck).
  5578 | D:4      | 5578 ||| Stepping randomly (stuck).
  5579 | D:4      | 5579 ||| Stepping randomly (stuck).
  5580 | D:4      | 5580 ||| Stepping randomly (stuck).
  5581 | D:4      | 5581 ||| Stepping randomly (stuck).
  5582 | D:4      | 5582 ||| Stepping randomly (stuck).
  5583 | D:4      | 5583 ||| Stepping randomly (stuck).
  5584 | D:4      | 5584 ||| Stepping randomly (stuck).
  5585 | D:4      | 5585 ||| Stepping randomly (stuck).
  5586 | D:4      | 5586 ||| Stepping randomly (stuck).
  5587 | D:4      | 5587 ||| Stepping randomly (stuck).
  5588 | D:4      | 5588 ||| Stepping randomly (stuck).
  5589 | D:4      | 5589 ||| Stepping randomly (stuck).
  5590 | D:4      | 5590 ||| Stepping randomly (stuck).
  5591 | D:4      | 5591 ||| Stepping randomly (stuck).
  5592 | D:4      | 5592 ||| Stepping randomly (stuck).
  5593 | D:4      | 5593 ||| Stepping randomly (stuck).
  5594 | D:4      | 5594 ||| Stepping randomly (stuck).
  5595 | D:4      | 5595 ||| Stepping randomly (stuck).
  5596 | D:4      | 5596 ||| Stepping randomly (stuck).
  5597 | D:4      | 5597 ||| Stepping randomly (stuck).
  5598 | D:4      | 5598 ||| Stepping randomly (stuck).
  5599 | D:4      | 5599 ||| Stepping randomly (stuck).
  5600 | D:4      | 5600 ||| Stepping randomly (stuck).
  5601 | D:4      | 5601 ||| Stepping randomly (stuck).
  5602 | D:4      | 5602 ||| Stepping randomly (stuck).
  5603 | D:4      | 5603 ||| Stepping randomly (stuck).
  5604 | D:4      | 5604 ||| Stepping randomly (stuck).
  5605 | D:4      | 5605 ||| Stepping randomly (stuck).
  5606 | D:4      | 5606 ||| Stepping randomly (stuck).
  5607 | D:4      | 5607 ||| Stepping randomly (stuck).
  5608 | D:4      | 5608 ||| Stepping randomly (stuck).
  5609 | D:4      | 5609 ||| Stepping randomly (stuck).
  5610 | D:4      | 5610 ||| Stepping randomly (stuck).
  5611 | D:4      | 5611 ||| Stepping randomly (stuck).
  5612 | D:4      | 5612 ||| Stepping randomly (stuck).
  5613 | D:4      | 5613 ||| Stepping randomly (stuck).
  5614 | D:4      | 5614 ||| Stepping randomly (stuck).
  5615 | D:4      | 5615 ||| Stepping randomly (stuck).
  5616 | D:4      | 5616 ||| Stepping randomly (stuck).
  5617 | D:4      | 5617 ||| Stepping randomly (stuck).
  5618 | D:4      | 5618 ||| Stepping randomly (stuck).
  5619 | D:4      | 5619 ||| Stepping randomly (stuck).
  5620 | D:4      | 5620 ||| Stepping randomly (stuck).
  5621 | D:4      | 5621 ||| Stepping randomly (stuck).
  5622 | D:4      | 5622 ||| Stepping randomly (stuck).
  5623 | D:4      | 5623 ||| Stepping randomly (stuck).
  5624 | D:4      | 5624 ||| Stepping randomly (stuck).
  5625 | D:4      | 5625 ||| Stepping randomly (stuck).
  5626 | D:4      | 5626 ||| Stepping randomly (stuck).
  5627 | D:4      | 5627 ||| Stepping randomly (stuck).
  5628 | D:4      | 5628 ||| Stepping randomly (stuck).
  5629 | D:4      | 5629 ||| Stepping randomly (stuck).
  5630 | D:4      | 5630 ||| Stepping randomly (stuck).
  5631 | D:4      | 5631 ||| Stepping randomly (stuck).
  5632 | D:4      | 5632 ||| Stepping randomly (stuck).
  5633 | D:4      | 5633 ||| Stepping randomly (stuck).
  5634 | D:4      | 5634 ||| Stepping randomly (stuck).
  5635 | D:4      | 5635 ||| Stepping randomly (stuck).
  5636 | D:4      | 5636 ||| Stepping randomly (stuck).
  5637 | D:4      | 5637 ||| Stepping randomly (stuck).
  5638 | D:4      | 5638 ||| Stepping randomly (stuck).
  5639 | D:4      | 5639 ||| Stepping randomly (stuck).
  5640 | D:4      | 5640 ||| Stepping randomly (stuck).
  5641 | D:4      | 5641 ||| Stepping randomly (stuck).
  5642 | D:4      | 5642 ||| Stepping randomly (stuck).
  5643 | D:4      | 5643 ||| Stepping randomly (stuck).
  5644 | D:4      | 5644 ||| Stepping randomly (stuck).
  5645 | D:4      | 5645 ||| Stepping randomly (stuck).
  5646 | D:4      | 5646 ||| Stepping randomly (stuck).
  5647 | D:4      | 5647 ||| Stepping randomly (stuck).
  5648 | D:4      | 5648 ||| Stepping randomly (stuck).
  5649 | D:4      | 5649 ||| Stepping randomly (stuck).
  5650 | D:4      | 5650 ||| Stepping randomly (stuck).
  5651 | D:4      | 5651 ||| Stepping randomly (stuck).
  5652 | D:4      | 5652 ||| Stepping randomly (stuck).
  5653 | D:4      | 5653 ||| Stepping randomly (stuck).
  5654 | D:4      | 5654 ||| Stepping randomly (stuck).
  5655 | D:4      | Quit the game

Levels and vault maps discovered:
D:1:      amcnicky_arrival_single_pillar, layout_basic
D:2:      layout_basic
D:3:      layout_loops_ring, jmf_multi_god_temple, mainiacjoe_overflow_alcove_4,
          shapermc_ecumenical_altar_gd, moated_statue, minmay_diced_spiral
D:4:      layout_rooms, minmay_temple_entry_from_below_b,
          kennysheep_generic_room_13

Skill      XL: |  1  2  3  4  5  6 |
---------------+-------------------+-----
Axes           | 3 4 6 7 |  7.0
Shields        | 1 |  1.0
Armour         | 2 3 |  3.1
Fighting       | |  2.0
Throwing       | |  1.0
Dodging        | |  2.1
Spellcasting   | |  2.0
Translocations | |  2.4

Action                   |  1- 3 |  4- 6 || total
-------------------------+-------+-------++-------
Melee: Hand axe          |   107 |   194 ||   301
       Kick              |    24 |    46 ||    70
       Peck              |    16 |    30 ||    46
       Punch             |     1 |       ||     1
Throw: Boomerang         |     7 |    60 ||    67
  Use: Potion            |     2 |     7 ||     9
       Scroll            |     2 |     5 ||     7
Armor: Leather armour    |    13 |       ||    13
       Plate armour      |    36 |   101 ||   137
Dodge: Dodged            |    44 |    21 ||    65
Block: Buckler           |    10 |    36 ||    46

Table legend:
 A = Non-vault XP
 B = Vault XP
 C = Vault XP percentage of total XP
 D = Non-vault monster count
 E = Vault monster count
 F = Vault count percentage of total count
                 A         B        C        D         E       F
            +---------+---------+-------+---------+---------+-------
      Total |     550 |      23 |   4.0 |     105 |      10 |   8.7
            +---------+---------+-------+---------+---------+-------
        D:1 |      52 |       0 |   0.0 |      29 |       0 |   0.0
        D:2 |      72 |       0 |   0.0 |      36 |       0 |   0.0
        D:3 |     133 |      19 |  12.5 |      22 |       8 |  26.7
        D:4 |     293 |       4 |   1.3 |      18 |       2 |  10.0
            +---------+---------+-------+---------+---------+-------
